 Dungeon Crawl Stone Soup version 0.30-a0-475-g03497ec522 (webtiles) character file.

Game seed: 13893185960046003645

18041 whiskeysaurus the Nimble (level 12, -4/82 HPs)
             Began as a Djinni Fire Elementalist on Dec 20, 2022.
             Was an Elder of Hepliaklqana.
             Shot with an arrow by a centaur warrior (16 damage)
             ... on level 13 of the Dungeon.
             The game lasted 00:50:33 (15981 turns).

whiskeysaurus the Nimble (DjFE)                    Turns: 15981, Time: 00:50:33

Health: -4/82      AC:  7    Str:  7    XL:     12   Next: 90%
Gold:   1129       EV: 33    Int: 21    God:    Hepliaklqana [****..] SH:  0 Dex: 15

rFire   + + .      SeeInvis .    (no weapon)
rCold   x . .      Faith    .    (no shield)
rNeg    . . .      Spirit   .    a - +0 robe
rPois   ∞          Reflect  .    A - +1 helmet
rElec   .          Harm     .    K - +2 cloak
rCorr   .          Rampage  .    (no gloves)
Will    +....                    (boots unavailable)
Stlth   +++.......               I - amulet of the acrobat
HPRegen 0.33/turn                f - ring of wizardry
MPRegen 0.00/turn                h - ring of wizardry

@: acrobatic, flying
A: reduced essence, sickness immunity, fire resistance 2, cold vulnerability 1,
float, innate caster, HP casting, extra vitality 1
a: Renounce Religion, Recall Ancestor, Ancestor Identity, Transference, Idealise


You were on level 13 of the Dungeon.
You worshipped Hepliaklqana.
Hepliaklqana was greatly pleased with you.
You visited 2 branches of the dungeon, and saw 14 of its levels.
You also visited: Ossuary.

You collected 1129 gold pieces.

Inventory:

Hand Weapons
 j - a +1 dagger
 M - a -2 demon whip of venom
Armour
 a - a +0 robe (worn)
 g - a +0 cloak
 z - the +0 kite shield of Cawkaege {rElec rPois}
   (You found it on level 4 of the Dungeon)

   rElec:     It insulates you from electricity.
   rPois:     It protects you from poison.
 A - a +1 helmet (worn)
 K - a +2 cloak (worn)
 P - the +3 ring mail "Peomaran" {rC++}
   (You found it on level 9 of the Dungeon)

   rC:        It greatly protects you from cold.
 S - a scarf of harm
 T - an orb of energy
Jewellery
 f - a ring of wizardry (left hand)
 h - a ring of wizardry (right hand)
 k - a ring of protection from cold
 I - an amulet of the acrobat (around neck)
 Q - a ring of positive energy
Wands
 x - a wand of iceblast (2)
 J - a wand of light (11)
 U - a wand of polymorph (5)
Scrolls
 b - 2 scrolls of fear
 c - 2 scrolls of identify
 d - 2 scrolls of vulnerability {unknown}
 m - a scroll of amnesia
 q - 3 scrolls of blinking
 r - 2 scrolls of poison
 t - a scroll of enchant weapon
 u - 3 scrolls of noise
 y - a scroll of butterflies
 F - a scroll of fog
 H - a scroll of enchant armour
 L - a scroll of immolation {unknown}
 O - a scroll of torment {unknown}
Potions
 e - 2 potions of cancellation {unknown}
 i - 5 potions of curing
 l - 4 potions of mutation {unknown}
 o - 2 potions of haste
 p - a potion of flight {unknown}
 s - 3 potions of degeneration
 v - 2 potions of invisibility
 w - 8 potions of heal wounds
 B - 2 potions of brilliance {unknown}
 C - a potion of lignification {unknown}
 D - 3 potions of ambrosia
 E - 2 potions of might
 G - a potion of berserk rage {unknown}
 N - a potion of experience {unknown}
 R - a potion of attraction {unknown}


   Skills:
 * Level 10.3 Fighting
 + Level 12.3 Dodging
 - Level 5.0 Stealth
 * Level 10.2 Spellcasting


You had 5 spell levels left.
You knew the following spells:

 Your Spells              Type           Power      Damage    Failure   Level
a - Foxfire               Conj/Fire      100%       2x1d9     1%          1
b - Scorch                Fire           100%       2d10      1%          2
c - Kindle Blastsparks    Fire/Tloc/Air  100%       2d18      1%          3
d - Inner Flame           Hex/Fire       52%        N/A       1%          3
e - Flame Wave            Conj/Fire      52%        2d13      1%          4
f - Sandblast             Erth           100%       2d20      1%          1
g - Static Discharge      Conj/Air       100%       2-7/arc   1%          2
h - Searing Ray           Conj           100%       2d8       1%          2
i - Hailstorm             Conj/Ice       52%        3d12      1%          3
j - Borgnjor's Vile Clut  Necr/Erth      26%        N/A       1%          5
Your spell library was empty.

Dungeon Overview and Level Annotations

Branches:
Dungeon (13/15)            Temple (1/1) D:5            Lair (0/5) D:8
    Orc (0/2) D:11        Ossuary (visited)
 Vaults: D:13-14

Altars:
Ashenzari
Elyvilon
Fedhas
Hepliaklqana
Makhleb
Nemelex Xobeh
Okawaru
Xom
Yredelemnul
Zin

Annotations:
D:12 Azrael


Innate Abilities, Weirdness & Mutations

Your life essence is reduced to manifest your ancestor. (-10% HP)
You are immune to sickness and miasma.
You are immune to poison.
Your flesh is very heat resistant. (rF++)
You are vulnerable to cold. (rC-)
You float through the air rather than walking.
You learn spells naturally, not from books.
Your magical power is your life essence.
You have superior vitality. (+4 MHP)


Message History

Your butterfly disappears in a burst of colours!
Your butterfly is engulfed in blazing flames.
You kill your butterfly!
Your butterfly disappears in a burst of colours!
Your butterfly is engulfed in blazing flames.
You kill your butterfly!
Your butterfly disappears in a burst of colours!
Your butterfly is engulfed in blazing flames.
You kill your butterfly!
Your butterfly disappears in a burst of colours!
Your butterfly is engulfed in blazing flames.
You kill your butterfly!
Your butterfly disappears in a burst of colours!
Your butterfly is engulfed in blazing flames.
You kill your butterfly!
Your butterfly disappears in a burst of colours!
What are your orders? t - Shout!
Orders for allies: a - Attack new target. r - Retreat! s - Stop attacking. g - Guard the area. f - Follow me.
Anything else - Cancel.
Gang up on whom?
Press: ? - help, Dir - move target, f - centaur warrior
Aim: a centaur warrior (ally target) Attack!
The centaur warrior barely misses your butterfly.
The centaur warrior kicks your butterfly.
Your butterfly dies!
Your butterfly disappears in a burst of colours!
Your butterfly is engulfed in blazing flames.
You kill your butterfly!
Your butterfly disappears in a burst of colours!
Your butterfly is engulfed in blazing flames.
You kill your butterfly!
Your butterfly disappears in a burst of colours!
The centaur warrior barely misses your butterfly. x2
The centaur warrior wields a +2 vorpal shortbow.
The centaur warrior shoots an arrow.
The arrow hits you!
You die...

####################
...........b........
...>....bb.bb.......
.........bbbb.......
.......@....c.......
.....b.b..b.bb......
############..######
#..# #..# .... ....


You could see a centaur warrior (ally target).

Vanquished Creatures
  A slime creature (D:12)
  A two-headed ogre (D:11)
  3 boulder beetles
  Sonja (D:12)
  Nergalle (D:12)
  An orange demon (D:8)
  Maggie (D:7)
  2 komodo dragons
  3 kobold demonologists (D:12)
  An unseen horror (D:12)
  A hornet (D:8)
  Prince Ribbit (D:8)
  Sigmund (D:4)
  A shadow (D:13)
  2 wraiths
  6 yaks
  2 fire elementals (D:12)
  3 vampire mosquitoes (D:11)
  Menkaure (D:7)
  Edmund (D:6)
  2 water moccasins (D:8)
  6 hell hounds (D:12)
  2 orc warriors (D:11)
  2 sky beasts
  6 black bears
  2 ice beasts
  An ogre (D:6)
  7 centaurs
  2 phantoms
  2 kobold brigands
  Blork the orc (D:6)
  6 bullfrogs
  2 necrophages
  3 scorpions
  6 wights
  9 killer bees
  3 howler monkeys
  4 jellies
  8 hounds
  4 orc priests
  Crazy Yiuf (D:6)
  A gnoll bouda (D:8)
  An iguana (D:7)
  5 orc wizards
  Natasha (thrice) (D:4)
  8 mummies (Ossuary)
  Robin (D:2)
  7 adders
  9 gnolls
  4 ufetubi
  5 worms
  A dart slug (D:2)
  27 orcs
  4 ball pythons
  3 bats
  2 endoplasms
  A giant cockroach (D:1)
  15 goblins
  6 hobgoblins
  8 jackals
  19 kobolds
  3 quokkas
  2 frilled lizards (D:2)
  3 gnoll zombies (Ossuary)
  4 hobgoblin zombies (Ossuary)
  A kobold zombie (Ossuary)
  4 rats (D:3)
  A bush (D:6)
261 creatures vanquished.

Vanquished Creatures (collateral kills)
  2 two-headed ogres
  Amaemon (D:8)
  A shadow (D:11)
  A vampire (D:11)
  4 yaks
  An acid dragon (D:10)
  A water moccasin (D:8)
  A black bear (D:8)
  3 centaurs
  2 wights
  4 killer bees
  2 gnolls (D:8)
  A shadow imp (D:7)
  A white imp (D:7)
  4 orcs
  3 kobolds
  2 foxfires (D:6)
34 creatures vanquished.

Vanquished Creatures (others)
  2 ancestors
  5 knights
  1184 foxfires
  33 fungi
  43 plants (D:8)
1267 creatures vanquished.

Grand Total: 1562 creatures vanquished

Notes
Turn   | Place    | Note
-------+----------+-------------------------------------------
     0 | D:1      | whiskeysaurus the Djinni Fire Elementalist began the quest
                  | for the Orb.
     0 | D:1      | whiskeysaurus set off with the following spells memorised:
                  | Foxfire, Scorch, Kindle Blastsparks, Inner Flame, Flame
                  | Wave.
     0 | D:1      | Reached XP level 1. HP: 15/15 MP: 0/0
   183 | D:1      | Reached XP level 2. HP: 20/22 MP: 0/0
   988 | D:2      | Reached XP level 3. HP: 25/26 MP: 0/0
   988 | D:2      | Learned a level 1 spell: Sandblast
  1066 | D:2      | Reached skill level 3 in Dodging
  1070 | D:2      | Reached skill level 1 in Fighting
  1289 | D:2      | Reached XP level 4. HP: 29/32 MP: 0/0
  1443 | D:2      | Noticed Robin
  1448 | D:2      | Killed Robin
  2013 | D:3      | Reached XP level 5. HP: 31/37 MP: 0/0
  2013 | D:3      | Learned a level 2 spell: Static Discharge
  2168 | D:3      | Found a faded altar of an unknown god.
  2310 | D:3      | Noticed a sky beast
  2317 | D:3      | Killed a sky beast
  2318 | D:3      | Reached skill level 4 in Dodging
  2318 | D:3      | Reached XP level 6. HP: 37/43 MP: 0/0
  2772 | D:4      | Noticed a black bear
  2783 | D:4      | Killed a black bear
  3011 | D:4      | Reached skill level 5 in Dodging
  3072 | D:4      | Reached XP level 7. HP: 21/49 MP: 0/0
  3072 | D:4      | Learned a level 2 spell: Searing Ray
  3263 | D:4      | Noticed Natasha
  3267 | D:4      | Killed Natasha
  3368 | D:4      | Noticed Sigmund
  3377 | D:4      | Killed Sigmund
  3378 | D:4      | Reached skill level 6 in Dodging
  3378 | D:4      | Reached XP level 8. HP: 41/56 MP: 0/0
  3547 | D:4      | Noticed Natasha
  3551 | D:4      | Killed Natasha
  3581 | D:4      | Noticed Natasha
  3592 | D:4      | Killed Natasha
  3732 | D:4      | Identified the +0 kite shield of Cawkaege {rElec rPois}
  3750 | D:5      | Entered Level 5 of the Dungeon
  3894 | D:5      | Found a sand-covered staircase.
  3899 | Ossuary  | Entered an ossuary
  3947 | Ossuary  | Reached skill level 5 in Spellcasting
  4442 | D:5      | Reached skill level 7 in Dodging
  4714 | D:5      | Found a staircase to the Ecumenical Temple.
  4720 | Temple   | Entered the Ecumenical Temple
  4741 | Temple   | Became a worshipper of Hepliaklqana the Forgotten
  5128 | D:6      | Reached XP level 9. HP: 60/63 MP: 0/0
  5128 | D:6      | Learned a level 3 spell: Hailstorm
  5139 | D:6      | Reached skill level 8 in Dodging
  5937 | D:6      | Found a broken altar of Ashenzari.
  5938 | D:6      | Found an iron altar of Okawaru.
  5939 | D:6      | Found a basalt altar of Yredelemnul.
  5939 | D:6      | Found a sparkling altar of Nemelex Xobeh.
  5942 | D:6      | Found a white marble altar of Elyvilon.
  5986 | D:6      | Noticed Edmund
  6068 | D:6      | Killed Edmund
  6069 | D:6      | Reached skill level 5 in Fighting
  6376 | D:6      | Noticed Blork the orc
  6380 | D:6      | Killed Blork the orc
  7040 | D:6      | Found a runed translucent door.
  7045 | D:6      | Noticed Crazy Yiuf
  7058 | D:6      | Killed Crazy Yiuf
  7408 | D:7      | Reached * piety under Hepliaklqana
  7420 | D:7      | Noticed Maggie
  7431 | D:7      | Killed Maggie
  7432 | D:7      | Reached skill level 9 in Dodging
  7755 | D:7      | Noticed Menkaure
  7760 | D:7      | Killed Menkaure
  7761 | D:7      | Reached XP level 10. HP: 61/63 MP: 0/0
  8179 | D:7      | Found a glowing silver altar of Zin.
  8553 | D:8      | Noticed Prince Ribbit
  8560 | D:8      | Killed Prince Ribbit
  8634 | D:8      | Noticed a komodo dragon
  8640 | D:8      | Killed a komodo dragon
  8641 | D:8      | Reached skill level 10 in Dodging
  9110 | D:8      | Found a staircase to the Lair.
  9228 | D:8      | Reached ** piety under Hepliaklqana
  9284 | D:8      | Remembered your ancestor Yadidatum as a knight
  9600 | D:8      | Noticed an orange demon
  9603 | D:8      | Noticed Amaemon
  9610 | D:8      | Killed an orange demon
  9610 | D:8      | Killed Amaemon
  9611 | D:8      | Reached XP level 11. HP: 55/70 MP: 0/0
  9611 | D:8      | Learned a level 5 spell: Borgnjor's Vile Clutch
 10986 | D:9      | Identified the +3 ring mail "Peomaran" {rC++}
 11034 | D:9      | Reached skill level 11 in Dodging
 11159 | D:9      | Noticed a boulder beetle
 11965 | D:10     | Entered Level 10 of the Dungeon
 12037 | D:10     | Noticed a two-headed ogre
 12043 | D:10     | Killed a two-headed ogre
 12275 | D:10     | Reached *** piety under Hepliaklqana
 12840 | D:11     | Noticed a two-headed ogre
 12846 | D:11     | Killed a two-headed ogre
 13215 | D:11     | Reached skill level 5 in Stealth
 13265 | D:11     | Noticed a two-headed ogre
 13266 | D:11     | Noticed a boulder beetle
 13601 | D:11     | Found a staircase to the Orcish Mines.
 13672 | D:11     | Killed a two-headed ogre
 13673 | D:11     | Reached XP level 12. HP: 67/79 MP: 0/0
 13729 | D:11     | Killed a boulder beetle
 14283 | D:9      | Killed a boulder beetle
 14639 | D:9      | Reached **** piety under Hepliaklqana
 14910 | D:12     | Noticed Sonja
 14913 | D:12     | Killed Sonja
 14916 | D:12     | Noticed a boulder beetle
 14917 | D:12     | Noticed Nergalle
 14924 | D:12     | Killed Nergalle
 15585 | D:13     | Noticed a centaur warrior
 15610 | D:12     | Killed a boulder beetle
 15611 | D:12     | Reached skill level 12 in Dodging
 15734 | D:12     | Reached skill level 10 in Fighting
 15734 | D:12     | Reached skill level 10 in Spellcasting
 15955 | D:12     | Noticed Azrael
 15973 | D:13     | Noticed a centaur warrior
 15981 | D:13     | Shot with an arrow by a centaur warrior

Illustrated notes

Levels and vault maps discovered:
D:1:      dreamdust_arrival_sigmund_warning, layout_loops_ring
D:2:      layout_basic, grunt_decor_resistance, uniq_robin
D:3:      layout_basic, hellmonk_ecumenical_altar_zigzags, nicolae_wormholes
D:4:      layout_cave_pools, hangedman_decor_growths, minmay_between,
          uniq_natasha, uniq_sigmund
D:5:      layout_loops_ring, minmay_temple_entry_wispy, enter_ossuary_5,
          grunt_ministairs_6
D:6:      layout_layer_cave, minitemple, uniq_crazy_yiuf_cottage,
          uniq_blork_the_orc, uniq_edmund
D:7:      layout_loops_corners, lemuel_round_altar, uniq_menkaure, uniq_maggie
D:8:      layout_loops_corners, due_lair_maze_entry_diamond,
          uniq_prince_ribbit1, uniq_amaemon
D:9:      layout_grid_maze
D:10:     layout_irregular_city
D:11:     layout_roguey, orc_0_dummy
D:12:     layout_basic, uniq_nergalle, uniq_azrael, uniq_sonja
D:13:     layout_long_grid, ximxim_vaults_locker_room
Temple:   kb_temple_of_zot

Skill      XL: |  1  2  3  4  5  6  7  8  9 10 11 12 |
---------------+-------------------------------------+-----
Dodging        | 3 4 5 6 7 9 10 11 12 | 12.3
Fighting       | 1 2 3 4 5 6 8 10 | 10.3
Spellcasting   | 3 4 5 6 8 9 10 | 10.2
Stealth        | 3 5 |  5.0

Action                   |  1- 3 |  4- 6 |  7- 9 | 10-12 || total
-------------------------+-------+-------+-------+-------++-------
Melee: Unarmed           |     4 |       |     2 |     2 ||     8
 Cast: Foxfire           |    42 |   138 |   288 |   227 ||   695
       Inner Flame       |       |     4 |     9 |    26 ||    39
       Kindle Blastspark |       |     1 |     2 |     1 ||     4
       Scorch            |       |     1 |     4 |    67 ||    72
       Searing Ray       |       |       |     2 |     2 ||     4
       Static Discharge  |       |       |    17 |       ||    17
       Flame Wave        |       |       |     7 |    16 ||    23
       Hailstorm         |       |       |     1 |     8 ||     9
       Borgnjor's Vile C |       |       |       |    31 ||    31
Invok: Ancestor Life: Kn |       |       |       |     1 ||     1
       Recall Ancestor   |       |       |       |     1 ||     1
  Use: Scroll            |       |     3 |     1 |    16 ||    20
 Stab: Sleeping          |     1 |       |       |       ||     1
Armor: Robe              |    10 |     3 |     6 |     5 ||    24
Dodge: Dodged            |    24 |    10 |    21 |    74 ||   129

Table legend: (Time is in decaauts)
 A = Elapsed time spent in this place.
 B = Non-inter-level travel time spent in this place.
 C = Inter-level travel time spent in this place.
 D = Time resting spent in this place.
 E = Time spent auto-exploring this place.
 F = Levels seen in this place.
 G = Mean time per level.
                   A        B        C        D        E       F      G
               +--------+--------+--------+--------+--------+-----+--------+
         Total |  15980 |  15534 |    446 |   3150 |  10011 |  15 | 1065.3 |
       Dungeon |  15663 |  15217 |    446 |   3150 |   9797 |  13 | 1204.8 |
        Temple |     27 |     27 |      0 |      0 |     11 |   1 |   27.0 |
       Ossuary |    289 |    289 |      0 |      0 |    203 |   1 |  289.0 |
               +--------+--------+--------+--------+--------+-----+--------+

Top non-repeatable levels by time:
     D:6: 2172 daAuts
     D:7: 1997 daAuts
     D:9: 1885 daAuts
     D:8: 1465 daAuts
    D:11: 1313 daAuts
     D:5: 1055 daAuts
     D:3: 1039 daAuts
     D:2: 1009 daAuts
     D:4: 977 daAuts
    D:10: 892 daAuts
     D:1: 721 daAuts
    D:13: 680 daAuts
    D:12: 453 daAuts
 Ossuary: 289 daAuts
  Temple: 27 daAuts
